 Dungeon Crawl Stone Soup version 0.17.0-28-g6e173f8 (webtiles) character file.

168 Kalief the Bolt Thrower (level 5, -3/45 HPs)
             Began as a Deep Dwarf Hunter on Nov 24, 2015.
             Shot with an arrow of flame by a centaur (7 damage)
             ... on level 4 of the Dungeon.
             The game lasted 00:23:35 (4074 turns).

Kalief the Bolt Thrower (Deep Dwarf Hunter)         Turns: 4074, Time: 00:23:35

Health: -3/45      AC:  8    Str: 16    XL:     5   Next: 24%
Magic:  5/5        EV: 12    Int: 11    God:
Gold:   129        SH:  0    Dex: 14    Spells: 0 memorised, 4 levels left

rFire  . . .     SeeInvis .     v - +4 quarterstaff (chaos)
rCold  . . .     Clarity  .     z - +2 ring mail
rNeg   . . .     SustAt   .     (shield currently unavailable)
rPois  .         Gourm    .     (no helmet)
rElec  .         Spirit   .     H - +0 cloak
rCorr  .         Warding  .     (no gloves)
rMut   .         Stasis   .     (no boots)
MR     .....                    (no amulet)
Stlth  +.........               (no ring)
                                (no ring)

@: non-regenerating, not resistant to hostile enchantments, very unstealthy
A: damage resistance, recharge devices, sense surroundings 1, slow regeneration
3
a: Device Recharging


You were on level 4 of the Dungeon.
You were not hungry.

You visited 1 branch of the dungeon, and saw 4 of its levels.

You collected 129 gold pieces.

Inventory:

Hand Weapons
 a - a +1 hand crossbow
 b - a +0 short sword
 d - a +0 mace
 h - a +0 club
 i - a +0 club
 j - a +0 whip
 l - a +0 short sword
 n - a +0 mace
 o - a cursed -1 short sword
 r - a cursed -1 dagger
 s - a +0 dagger
 u - a +0 dagger
 v - a +4 quarterstaff of chaos (weapon)
 E - a +0 trident
Missiles
 g - 102 stones (quivered)
 t - 32 poisoned needles
 y - 6 bolts
 G - 19 silver bolts
Armour
 c - a +0 leather armour
 q - a +0 robe
 w - a +0 leather armour
 z - a +2 ring mail (worn)
 F - a +0 large shield
 H - a +0 cloak (worn)
 I - a +0 scale mail
 K - a +0 scale mail
 L - a +0 scale mail
 M - a +0 ring mail
Wands
 e - a wand of heal wounds (2)
Scrolls
 m - a scroll of remove curse
 D - a scroll of teleportation
 J - a scroll of enchant armour
 N - a scroll of immolation {unknown}
 O - a scroll of identify
Potions
 k - a potion of invisibility {unknown}
 p - a potion of brilliance {unknown}
 x - 3 potions of flight {unknown}
 A - a potion of poison {unknown}
 B - a potion of curing {unknown}
 C - a potion of degeneration {unknown}
Comestibles
 f - a bread ration


   Skills:
 + Level 2.2 Fighting
 + Level 0.6 Short Blades
 + Level 5.6 Crossbows
 + Level 2.3 Armour
 + Level 3.5 Dodging
 + Level 1.2 Stealth


You had 4 spell levels left.
You didn't know any spells.

Dungeon Overview and Level Annotations

Branches:
Dungeon (4/15)
 Temple: D:4-7

Altars:
Cheibriados
Gozag
Kikubaaqudgha
Nemelex Xobeh
Okawaru
Ru
The Shining One


Innate Abilities, Weirdness & Mutations

You are resistant to damage.
You can recharge devices by infusing magical energy.
You passively map a small area around you.
You do not regenerate naturally.


Message History

The centaur wields a shortbow.
The centaur shoots an arrow of flame.
The arrow of flame hits you. The arrow of flame burns you.
You see here an arrow of flame.
A centaur is nearby!
A centaur is nearby!
The centaur shoots an arrow of flame.
The arrow of flame hits you. The arrow of flame burns you.
You see here an arrow of flame.
The centaur shoots an arrow of flame.
The arrow of flame hits you! The arrow of flame burns you.
A centaur opens the door.
The centaur shoots an arrow of flame.
The arrow of flame hits you!
* * * LOW HITPOINT WARNING * * *
The arrow of flame burns you.
* * * LOW HITPOINT WARNING * * *
Found a falchion.
You are too injured to fight recklessly!
You are too injured to fight recklessly!
The centaur shoots an arrow of flame.
The arrow of flame hits you!
You die...

,#...# #.# , * ##..#
#.# #...# #.# , ,, *
#...# #.# * #+###...#
#.# , , #...((#.######
#.# ,,
#...(.#......###.###
###...######........ ,
#_.@..#.>#####...###
,,#.....#...>....#...#
#'≈≈≈...######......
#c..≈...# #####..
....≈...# ###
...≈≈≈≈..# ......≈...#
...)...≈...# * **


You could see a centaur.

Vanquished Creatures
  Crazy Yiuf (D:3)
  6 adders
  An ooze (D:2)
  4 worms (D:2)
  2 giant geckos
  2 orcs
  6 giant cockroaches
  9 goblins
  10 hobgoblins
  3 quokkas
  2 ball pythons (D:1)
  8 bats
  3 giant newts
  7 kobolds
  6 rats
  A bush (D:1)
  2 plants (D:1)
73 creatures vanquished.

Notes
Turn   | Place    | Note
--------------------------------------------------------------
     0 | D:1      | Kalief the Deep Dwarf Hunter began the quest for the Orb.
     0 | D:1      | Reached XP level 1. HP: 19/19 MP: 1/1
   251 | D:1      | Reached XP level 2. HP: 26/26 MP: 2/2
   376 | D:1      | Reached skill level 5 in Crossbows
  1545 | D:2      | Reached XP level 3. HP: 30/32 MP: 3/3
  1607 | D:2      | Found a sparkling altar of Nemelex Xobeh.
  1701 | D:2      | Found a snail-covered altar of Cheibriados.
  1750 | D:2      | Reached skill level 1 in Armour
  2196 | D:2      | Reached XP level 4. HP: 36/39 MP: 4/4
  3257 | D:3      | Found an ancient bone altar of Kikubaaqudgha.
  3346 | D:3      | Found an iron altar of Okawaru.
  3438 | D:3      | Found an opulent altar of Gozag.
  3473 | D:3      | Noticed Crazy Yiuf
  3491 | D:3      | Killed Crazy Yiuf
  3491 | D:3      | Reached XP level 5. HP: 33/45 MP: 2/5
  3952 | D:4      | Found a glowing golden altar of the Shining One.
  4069 | D:4      | Found a sacrificial altar of Ru.
  4070 | D:4      | Noticed a centaur
  4074 | D:4      | Shot with an arrow of flame by a centaur

Action                   |  1- 3 |  4- 6 || total
-------------------------+-------+-------++-------
Melee: Short sword       |   451 |   127 ||   578
       Quarterstaff      |       |    15 ||    15
 Fire: Hand crossbow     |    84 |       ||    84
Throw: Stone             |     7 |       ||     7
Evoke: Wand              |     1 |     2 ||     3
  Use: Scroll            |     4 |     3 ||     7
 Stab: Invisible         |       |     3 ||     3
  Eat: Royal jelly       |     1 |     1 ||     2
       Meat ration       |     1 |       ||     1
       Bread ration      |       |     1 ||     1
